 Dungeon Crawl Stone Soup version 0.21.1-1-g345015f (webtiles) character file.

23 Iko the Shooter (level 2, -2/30 HPs)
             Began as a Troll Hunter on June 3, 2018.
             Was an Initiate of Sif Muna.
             Asphyxiated
             ... on level 3 of the Dungeon.
             The game lasted 00:05:26 (591 turns).

Iko the Shooter (Troll Hunter)                       Turns: 591, Time: 00:05:26

Health: -2/30      AC:  6    Str: 19    XL:     2   Next: 75%
Magic:  1/1        EV: 10    Int:  7    God:    Sif Muna [......]
Gold:   58         SH:  0    Dex: 10    Spells: 1/1 levels left

rFire    . . .     SeeInvis .   b - +0 short sword
rCold    . . .     Gourm    +   (no shield)
rNeg     . . .     Faith    .   c - +0 robe
rPois    .         Spirit   .   (helmet restricted)
rElec    .         Reflect  .   e - +0 cloak
rCorr    .         Harm     .   (gloves unavailable)
MR       .....                  (boots unavailable)
Stlth    +.........             (no amulet)
HPRegen  0.50/turn              (no ring)
MPRegen  0.07/turn              (no ring)

@: lethally poisoned (-2 -> -16), slowed, very slow
A: large, unfitting armour, claws 3, hooves 1, fast metabolism 3, gourmand,
regeneration 1, robust 1, shaggy fur 1, tough skin 2, no potion heal 1
a: Renounce Religion


You were on level 3 of the Dungeon.
You worshipped Sif Muna.
Sif Muna was noncommittal.
You were not hungry.

You visited 1 branch of the dungeon, and saw 3 of its levels.

You collected 58 gold pieces.

Inventory:

Hand Weapons
 a - a +2 shortbow
 b - a +0 short sword (weapon)
Missiles
 d - 31 arrows
Armour
 c - a +0 robe (worn)
 e - a +0 cloak (worn)
Scrolls
 g - 2 scrolls of teleportation
Comestibles
 f - a ration


   Skills:
 + Level 1.7 Fighting
 + Level 0.4 Short Blades
 + Level 3.1 Bows
 + Level 1.6 Dodging
 + Level 0.3 Stealth


You had one spell level left.
You didn't know any spells.

Dungeon Overview and Level Annotations

Branches:
Dungeon (3/15)

Altars:
Elyvilon
Sif Muna


Innate Abilities, Weirdness & Mutations

You are too large for most types of armour.
You have claws for hands.
Your metabolism is lightning-fast.
You like to eat raw meat.
Your natural rate of healing is unusually fast.
You are covered in fur. (AC +1)
You have very tough skin. (AC +2)
You have large cloven feet.
You are robust. (+10% HP)
Potions are less effective at restoring your health.


Message History

Aim: a kobold, wielding a blowgun (severely wounded)
You shoot an arrow. The arrow hits the kobold.
The kobold is moderately wounded.
* * * LOW HITPOINT WARNING * * *
You feel very sick. The kobold hits you but does no damage.
The kobold hits you.
* * * LOW HITPOINT WARNING * * *
b - a +0 short sword (weapon)
* * * LOW HITPOINT WARNING * * *
You feel sick.
You closely miss the kobold.
You kill the kobold!
Sif Muna accepts your kill.
* * * LOW HITPOINT WARNING * * *
You feel sick.
The kobold shoots a curare-tipped needle.
The curare-tipped needle hits you.
You are more poisoned.
You have difficulty breathing.
You die...

#(....# #(((..#
### #.....# #.#
#.....## #.#
#......# #.#
#..K...# #.#
#..(...# #.# #@#
####'##### #.#
#........#
#####.#
#........# ...#.#
#........#
#.#'####........#
#........##'#####
#........##.#
#........##.#
#.†......##.#


You could see a kobold.

Vanquished Creatures
  An adder (D:3)
  A dart slug (D:1)
  A leopard gecko (D:1)
  A ball python (D:2)
  A goblin (D:1)
  A hobgoblin (D:2)
  2 frilled lizards
  3 kobolds
  A rat (D:2)
12 creatures vanquished.

Notes
Turn   | Place    | Note
-------+----------+-------------------------------------------
     0 | D:1      | Iko the Troll Hunter began the quest for the Orb.
     0 | D:1      | Reached XP level 1. HP: 19/19 MP: 0/0
    75 | D:1      | Gained mutation: You have large cloven feet. [potion of mutation]
    75 | D:1      | Gained mutation: Potions are less effective at restoring your health. [potion of mutation]
    75 | D:1      | Gained mutation: You are robust. (+10% HP) [potion of mutation]
   279 | D:2      | Found a deep blue altar of Sif Muna.
   280 | D:2      | Reached skill level 3 in Bows
   292 | D:2      | Became a worshipper of Sif Muna the Loreminder
   296 | D:2      | Found a white marble altar of Elyvilon.
   298 | D:2      | Reached XP level 2. HP: 29/29 MP: 1/1
   591 | D:3      | Asphyxiated

Skill      XL: |  1 |
---------------+----+-----
Bows           | 3 |  3.1
Fighting       | |  1.7
Short Blades   | |  0.4
Dodging        | |  1.6
Stealth        | |  0.3

Action                   || total
-------------------------++-------
Melee: Short sword       ||    35
       Kick              ||     5
 Fire: Shortbow          ||    24
  Use: Scroll            ||     3
       Potion            ||     2
  Eat: Ration            ||     1
Armor: Robe              ||    18
Dodge: Dodged            ||    32
